[Event "January 2 Early 2024"]
[Site "https://www.chess.com"]
[Date "2024.01.02"]
[Round "3"]
[White "Domingo Nunez, Alejandro"]
[Black "Pranav Anand"]
[Result "0-1"]
[Board "32"]
[TimeControl "180+1"]
[WhiteFideId "22245561"]
[BlackFideId "46626786"]
[WhiteElo "2661"]
[BlackElo "2911"]
[WhiteTeam "ESP"]
[BlackTeam "IND"]
[WhiteClock "0:00:00"]
[BlackClock "0:00:45"]

1. Nf3 d5 2. g3 Nc6 3. d4 Bf5 4. Bg2 Nb4 5. Na3 e6 6. O-O Be7 7. c3 Nc6 8. Nc2 h6 9. Re1 Nf6 10. Nd2 Ne4 11. Nxe4 Bxe4 12. f3 Bh7 13. e4 O-O 14. exd5 exd5 15. f4 Qd7 16. Ne3 Be4 17. Bxe4 dxe4 18. d5 Nd8 19. Qd4 f5 20. Nc4 Bf6 21. Ne5 Qd6 22. Be3 Nf7 23. Nxf7 Bxd4 24. Nxd6 Bxe3+ 25. Rxe3 cxd6 26. c4 Rfc8 27. b3 a5 28. g4 fxg4 29. Rxe4 Re8 30. Rae1 Rxe4 31. Rxe4 Kf7 32. Re6 Ra6 33. Kf2 a4 34. b4 a3 35. c5 Ra4 36. cxd6 Ra8 37. Ke3 h5 38. f5 h4 39. Kf2 Rd8 40. b5 Rc8 41. b6 Rc2+ 42. Ke3 Rc8 43. Kf4 g3 44. Kf3 Rc3+ 45. Kg4 gxh2 46. Re1 Rg3+ 47. Kh5 Rg1 0-1

[Event "January 2 Early 2024"]
[Site "https://www.chess.com"]
[Date "2024.01.02"]
[Round "3"]
[White "Zhigalko, Sergei"]
[Black "Koshulyan, Egor A."]
[Result "1-0"]
[Board "33"]
[TimeControl "180+1"]
[WhiteFideId "13502956"]
[BlackFideId "24237000"]
[WhiteElo "2905"]
[BlackElo "2660"]
[WhiteTeam "BLR"]
[BlackTeam "RUS"]
[WhiteClock "0:00:39"]
[BlackClock "0:00:19"]

1. e4 c5 2. Nf3 Nc6 3. c3 Nf6 4. e5 Nd5 5. Bc4 e6 6. O-O d6 7. d4 cxd4 8. cxd4 Be7 9. Bd2 O-O 10. Nc3 dxe5 11. dxe5 Nxc3 12. Bxc3 b6 13. Qe2 Bb7 14. a3 Qc7 15. Bd3 Rfd8 16. Rfe1 a6 17. Rad1 b5 18. Qe4 g6 19. Qf4 f5 20. h4 Bf8 21. Ng5 Qe7 22. Bb1 h6 23. Nh3 Bg7 24. Qg3 Qf7 25. Rd6 Rxd6 26. exd6 e5 27. f4 e4 28. h5 Kh7 29. Ba2 Qe8 30. d7 Qxd7 31. Qxg6+ Kh8 32. Qxh6# 1-0

[Event "January 2 Early 2024"]
[Site "https://www.chess.com"]
[Date "2024.01.02"]
[Round "3"]
[White "Kuzhylnyi, Oleksandr"]
[Black "Bjerre, Jonas Buhl"]
[Result "1-0"]
[Board "34"]
[TimeControl "180+1"]
[WhiteFideId "34110500"]
[BlackFideId "1444948"]
[WhiteElo "2654"]
[BlackElo "2898"]
[WhiteTeam "UKR"]
[BlackTeam "DEN"]
[WhiteClock "0:00:17"]
[BlackClock "0:00:00"]

1. d4 Nf6 2. Nf3 e6 3. c3 c5 4. Bf4 b6 5. e3 Bb7 6. Bd3 Be7 7. h3 O-O 8. O-O d6 9. Nbd2 Nbd7 10. a4 cxd4 11. exd4 e5 12. dxe5 dxe5 13. Bxe5 Nxe5 14. Nxe5 Qc7 15. Nef3 Rad8 16. Qc2 g6 17. Rfe1 Nd5 18. Rad1 Nf4 19. Be4 Ba6 20. Nd4 Bc5 21. N2b3 Rfe8 22. Nxc5 bxc5 23. Nb5 Rxd1 24. Rxd1 Qe5 25. Bf3 Bxb5 26. axb5 c4 27. Rd4 Nd3 28. Be4 Nc5 29. Bc6 Qe1+ 30. Kh2 Re2 31. Qd1 Qxf2 32. Rd8+ Kg7 33. Qd4+ Qxd4 34. Rxd4 Rxb2 35. Rxc4 Nd3 36. Ra4 Rc2 37. Rxa7 Rxc3 38. Bd5 Rc2 39. Rxf7+ Kh6 40. Be4 Rc3 41. Rf3 1-0

[Event "January 2 Early 2024"]
[Site "https://www.chess.com"]
[Date "2024.01.02"]
[Round "3"]
[White "Bartel, Michal"]
[Black "Klymchuk, Andriy"]
[Result "1/2-1/2"]
[Board "35"]
[TimeControl "180+1"]
[WhiteFideId "1119257"]
[BlackFideId "14140063"]
[WhiteElo "2649"]
[BlackElo "2895"]
[WhiteTeam "POL"]
[BlackTeam "UKR"]
[WhiteClock "0:00:37"]
[BlackClock "0:00:22"]

1. e4 c5 2. Ne2 Nc6 3. g3 g6 4. Bg2 Bg7 5. c3 e5 6. d3 Nge7 7. Be3 d6 8. O-O O-O 9. f4 exf4 10. Nxf4 Rb8 11. Nd2 b5 12. Nf3 b4 13. d4 bxc3 14. bxc3 Qa5 15. Nd5 cxd4 16. Nxe7+ Nxe7 17. cxd4 Bg4 18. Qd3 Rb2 19. Rf2 Rxf2 20. Bxf2 Rb8 21. Rb1 Rxb1+ 22. Qxb1 Qc7 23. h3 Bxf3 24. Bxf3 Nc6 25. e5 dxe5 26. Qc2 e4 27. Bxe4 Bxd4 28. Bf3 Qxg3+ 29. Bg2 Bxf2+ 30. Qxf2 Qxf2+ 31. Kxf2 Ne5 32. Ke3 f6 33. Kd4 Kf7 34. Kc5 Ke6 35. Kb5 Kd6 36. Ka6 Kc7 37. Kxa7 f5 38. Ka6 f4 39. Kb5 f3 40. Bf1 f2 41. Kc5 Nf3 42. Kd5 Nh2 43. Be2 f1=Q 44. Bxf1 Nxf1 45. Ke6 Ng3 46. Kf6 Nh5+ 47. Kg5 Kd6 48. Kh6 Ke6 49. Kxh7 Kf5 50. Kh6 Nf4 51. h4 Ng2 52. h5 g5 53. Kg7 Nf4 54. h6 Nh5+ 55. Kf7 Nf6 56. a4 g4 57. a5 g3 58. a6 g2 59. a7 g1=Q 60. a8=Q Qg6+ 61. Ke7 Qxh6 62. Qf3+ Kg6 63. Qxf6+ Kh5 64. Qxh6+ Kxh6 1/2-1/2

[Event "January 2 Early 2024"]
[Site "https://www.chess.com"]
[Date "2024.01.02"]
[Round "3"]
[White "Mitrabha, Guha"]
[Black "Antunez Soler, Luis"]
[Result "1-0"]
[Board "36"]
[TimeControl "180+1"]
[WhiteFideId "5057000"]
[BlackFideId "3513335"]
[WhiteElo "2895"]
[BlackElo "2640"]
[WhiteTeam "IND"]
[BlackTeam "CUB"]
[WhiteClock "0:01:45"]
[BlackClock "0:01:22"]

1. Nf3 d5 2. c4 c6 3. e3 Nf6 4. Nc3 Nbd7 5. d4 e6 6. Be2 Bd6 7. O-O O-O 8. b3 Qe7 9. Bb2 a6 10. Rc1 dxc4 11. bxc4 e5 12. Qc2 e4 13. Nd2 Re8 14. Rfd1 Nf8 15. Nf1 Ng6 16. Ng3 h5 17. c5 Bc7 18. d5 Nxd5 19. Nxd5 cxd5 20. Nxh5 Qg5 21. Bxg7 Nh4 22. g3 Nf3+ 23. Bxf3 exf3 24. Rxd5 Be5 25. Nf6+ Kxg7 26. Nxe8+ Kf8 27. Qe4 1-0

[Event "January 2 Early 2024"]
[Site "https://www.chess.com"]
[Date "2024.01.02"]
[Round "3"]
[White "Munoz Galvez, Jhon Edison"]
[Black "Perez Ponsa, Federico"]
[Result "0-1"]
[Board "37"]
[TimeControl "180+1"]
[WhiteFideId "4403797"]
[BlackFideId "117927"]
[WhiteElo "2639"]
[BlackElo "2880"]
[WhiteTeam "COL"]
[BlackTeam "ARG"]
[WhiteClock "0:00:00"]
[BlackClock "0:00:17"]

1. d4 Nf6 2. Nf3 d5 3. c4 e6 4. Nc3 dxc4 5. e3 a6 6. a4 b6 7. Bxc4 Bb7 8. O-O c5 9. Qe2 Nbd7 10. Rd1 Qc7 11. d5 exd5 12. Nxd5 Nxd5 13. Bxd5 Bxd5 14. Rxd5 Be7 15. e4 O-O 16. e5 Qc6 17. Rd1 Rfe8 18. Bf4 Nf8 19. h4 Ne6 20. Bg3 h6 21. b3 Bf8 22. Rac1 b5 23. axb5 axb5 24. Nd4 Nxd4 25. Rxd4 Qe6 26. Rd3 Ra3 27. Qb2 Rea8 28. Rcd1 c4 29. bxc4 Rxd3 30. Rxd3 Qxc4 31. Rc3 Qd5 32. Kh2 b4 33. Rc7 b3 34. Rc3 Rb8 35. Re3 Rb4 36. Rf3 Be7 37. Qc1 b2 38. Qc8+ Qd8 39. Qf5 b1=Q 40. Qxf7+ Kh8 41. e6 Bxh4 42. Be5 Rg4 43. Qh5 Qg6 0-1

[Event "January 2 Early 2024"]
[Site "https://www.chess.com"]
[Date "2024.01.02"]
[Round "3"]
[White "Rustemov, Alexander"]
[Black "Niedbala, Bartlomiej"]
[Result "1/2-1/2"]
[Board "39"]
[TimeControl "180+1"]
[WhiteFideId "4119002"]
[BlackFideId "21834008"]
[WhiteElo "2857"]
[BlackElo "2622"]
[WhiteTeam "RUS"]
[BlackTeam "POL"]
[WhiteClock "0:00:12"]
[BlackClock "0:00:21"]

1. d4 Nf6 2. c4 e6 3. Nf3 d5 4. cxd5 exd5 5. Nc3 c6 6. Bf4 Bf5 7. e3 Qb6 8. Qb3 Nbd7 9. h3 Be7 10. Be2 O-O 11. Nd2 Rfe8 12. g4 Bg6 13. h4 h5 14. g5 Nh7 15. Rg1 Nhf8 16. f3 Ne6 17. Bg3 Bf8 18. Kf2 a5 19. Qxb6 Nxb6 20. Rac1 a4 21. a3 Bf5 22. Rgd1 g6 23. Nf1 Bh3 24. Be5 Ng7 25. Ng3 Be6 26. Bd3 Nd7 27. Bf4 Nb6 28. e4 Kh8 29. Be5 Kg8 30. Re1 Rac8 31. Re2 dxe4 32. fxe4 Nd7 33. Bf4 Bg4 34. Ree1 Ra8 35. e5 Ne6 36. Be3 Red8 37. Nge4 Be7 38. Bc2 Bf5 39. Nf6+ Bxf6 40. Bxf5 Be7 41. Be4 Nb6 42. Rcd1 Nc7 43. Kf3 Nc4 44. Bc1 Nd5 45. Nxd5 cxd5 46. Bd3 b5 47. e6 Rf8 48. Kg2 Bd6 49. exf7+ Kxf7 50. Rf1+ Kg7 51. Rxf8 Rxf8 52. Re1 Kf7 53. Rf1+ Kg7 54. Re1 Kf7 55. Rf1+ Kg7 56. Re1 1/2-1/2

[Event "January 2 Early 2024"]
[Site "https://www.chess.com"]
[Date "2024.01.02"]
[Round "3"]
[White "Durarbayli, Vasif"]
[Black "Andrews, Todd"]
[Result "1-0"]
[Board "41"]
[TimeControl "180+1"]
[WhiteFideId "13402935"]
[BlackFideId "2012456"]
[WhiteElo "2846"]
[BlackElo "2619"]
[WhiteTeam "AZE"]
[BlackTeam "USA"]
[WhiteClock "0:00:21"]
[BlackClock "0:00:12"]

1. e4 e6 2. d4 d5 3. Nc3 Bb4 4. e5 c5 5. a3 Bxc3+ 6. bxc3 Ne7 7. Qg4 Qc7 8. Qxg7 Rg8 9. Qxh7 cxd4 10. Ne2 Nbc6 11. f4 dxc3 12. Nxc3 Nd4 13. Bb2 Bd7 14. O-O-O Ndf5 15. Nb5 Qb6 16. Nd4 Ne3 17. Rd3 Nxf1 18. Rxf1 Rxg2 19. f5 exf5 20. e6 Bxe6 21. Rb3 Qc7 22. Qh8+ Rg8 23. Nb5 Qd7 24. Qe5 a6 25. Nd6+ Kf8 26. Rxb7 Qc6 27. Qf4 Rg6 28. Be5 Rc8 29. Rf2 Qc5 30. Kb2 Qc6 31. Qh4 Ng8 32. Qb4 Qc5 33. Nxc8 Qxb4+ 34. axb4 Bxc8 35. Rb8 Ne7 36. Bd4 Rc6 37. Bc5 Ke8 38. Re2 Kd7 39. Rxe7+ Kd8 40. Rxf7 a5 41. Rf8+ Kd7 42. Rbxc8 Rxc8 43. Rxc8 Kxc8 44. bxa5 f4 45. Bd4 f3 46. h4 Kd7 47. Bf2 Ke6 48. Kc3 Kf5 49. Kd4 Kg4 50. a6 Kh3 51. Ke3 Kg2 52. c3 d4+ 53. cxd4 Kf1 54. a7 Kg2 55. a8=Q Kf1 56. Qa1+ Kg2 57. Qg1+ Kh3 58. Qg3# 1-0

[Event "January 2 Early 2024"]
[Site "https://www.chess.com"]
[Date "2024.01.02"]
[Round "3"]
[White "Finek, Vaclav"]
[Black "Grycel, Kamil"]
[Result "1-0"]
[Board "42"]
[TimeControl "180+1"]
[WhiteFideId "23718293"]
[BlackFideId "1115499"]
[WhiteElo "2843"]
[BlackElo "2617"]
[WhiteTeam "CZE"]
[BlackTeam "POL"]
[WhiteClock "0:00:14"]
[BlackClock "0:00:25"]

1. d4 d6 2. Nf3 Bg4 3. g3 Bxf3 4. exf3 e6 5. Bg2 d5 6. O-O c6 7. Re1 Ne7 8. f4 g6 9. c3 Nd7 10. Nd2 Bg7 11. Nf3 O-O 12. a4 c5 13. Be3 Rc8 14. dxc5 Nxc5 15. Bd4 Nf5 16. Bxg7 Kxg7 17. h4 h5 18. Bh3 Qf6 19. Ne5 Rfd8 20. a5 Rc7 21. Bg2 d4 22. c4 Nd7 23. a6 b6 24. Bf1 Nxe5 25. fxe5 Qe7 26. Bd3 Qb4 27. Re2 Ne7 28. Ra4 Qc5 29. b4 Qc6 30. Raa2 Qf3 31. Rac2 Nc6 32. b5 Nxe5 33. Be4 Qg4 34. Rcd2 d3 35. Re1 Rxc4 36. Bb7 Qxd1 37. Rdxd1 d2 38. Rf1 Rcd4 39. Kg2 Nc4 40. Bf3 Na3 41. Be2 Rc8 42. f4 Rc5 43. Kf2 Nxb5 44. Ke3 Rd6 45. Rxd2 Rc3+ 46. Rd3 Rcxd3+ 47. Bxd3 Nc7 48. Rc1 Nd5+ 49. Ke4 Nb4 50. Be2 Rd2 51. Ke3 Ra2 52. Rc8 Nxa6 53. Bc4 Nc5 54. Bxa2 Kf6 55. Rc7 a5 56. Rc6 Na4 57. Bb3 Nb2 58. Rxb6 a4 59. Ba2 a3 60. Rb3 Nc4+ 61. Ke2 Nd6 62. Rxa3 Nf5 63. Rd3 Kg7 64. Kf3 Kf6 65. Rd7 Ng7 66. Bb1 Nf5 67. Bxf5 gxf5 68. Ke3 Kg6 69. Kd4 Kf6 70. Ra7 Kg6 71. Ke5 Kg7 72. Kd6 Kg6 73. Ke7 e5 74. fxe5 f4 75. gxf4 Kf5 76. Kxf7 Kxf4 77. e6 Kg4 78. e7 Kxh4 79. e8=Q Kh3 80. Qg8 h4 81. Ra4 Kh2 82. Rxh4# 1-0

[Event "January 2 Early 2024"]
[Site "https://www.chess.com"]
[Date "2024.01.02"]
[Round "3"]
[White "Grabinsky, Aaron"]
[Black "Lima, Kleyton Alcantara"]
[Result "0-1"]
[Board "43"]
[TimeControl "180+1"]
[WhiteFideId "2087090"]
[BlackFideId "22718397"]
[WhiteElo "2839"]
[BlackElo "2598"]
[WhiteTeam "USA"]
[BlackTeam "BRA"]
[WhiteClock "0:00:04"]
[BlackClock "0:00:18"]

1. e4 c5 2. Nc3 d6 3. f4 Nc6 4. Bb5 Bd7 5. Bxc6 Bxc6 6. d3 g6 7. Nf3 Bg7 8. O-O Nf6 9. Qe1 Qd7 10. h3 O-O 11. Qh4 b5 12. f5 b4 13. Ne2 c4 14. Bh6 cxd3 15. cxd3 Nh5 16. Bxg7 Kxg7 17. g4 Nf6 18. Ng3 Bb5 19. Rad1 Rac8 20. g5 Ng8 21. Qg4 Rc2 22. h4 Rxb2 23. h5 Rxa2 24. Qf4 b3 25. Nd4 Kh8 26. fxg6 hxg6 27. hxg6 Qh3 28. Rf2 fxg6 29. Qxf8 Qxg3+ 30. Kf1 Bxd3+ 31. Ne2 b2 32. Qb8 b1=Q 33. Rxb1 Bxe2+ 34. Rxe2 Qf3+ 35. Kg1 Rxe2 36. Rb2 Qg2# 0-1

[Event "January 2 Early 2024"]
[Site "https://www.chess.com"]
[Date "2024.01.02"]
[Round "3"]
[White "Veljanoski, Andrej"]
[Black "Bryakin, Mikhail"]
[Result "0-1"]
[Board "44"]
[TimeControl "180+1"]
[WhiteFideId "15003604"]
[BlackFideId "4165314"]
[WhiteElo "2593"]
[BlackElo "2836"]
[WhiteTeam "MKD"]
[BlackTeam "SRB"]
[WhiteClock "0:00:07"]
[BlackClock "0:00:08"]

1. Nf3 Nf6 2. b3 d6 3. Bb2 Nbd7 4. g3 e5 5. d3 Be7 6. Bg2 O-O 7. O-O c6 8. c4 Qc7 9. Nc3 Re8 10. e4 Bf8 11. Re1 Nc5 12. b4 Ne6 13. d4 a5 14. b5 Bd7 15. Rc1 Rad8 16. bxc6 bxc6 17. d5 Nc5 18. dxc6 Bxc6 19. Nd5 Bxd5 20. cxd5 Nfd7 21. Qd2 Rb8 22. Nh4 g6 23. f4 Bg7 24. f5 Bf6 25. Nf3 Qb6 26. Ba3 Nd3+ 27. Kh1 Nf2+ 28. Kg1 Nxe4+ 29. Qe3 Qxe3+ 30. Rxe3 Nec5 31. fxg6 hxg6 32. Nd2 Bg5 33. Re2 Rec8 34. h4 Bh6 35. Rf1 Nb6 36. Bxc5 dxc5 37. Ne4 Nxd5 38. Nd6 Ne3 39. Nxc8 Rxc8 40. Rf6 Nxg2 41. Kxg2 c4 42. Ra6 c3 43. Rc2 Rc5 44. Kf3 Kg7 45. Ke4 f5+ 46. Kd3 Rd5+ 47. Kc4 Rd4+ 48. Kxc3 Rg4 49. Rxa5 e4 50. Ra7+ Kf6 51. Ra6+ Ke5 52. Ra5+ Kf6 53. Ra6+ Kf7 54. Rb2 Bg7+ 55. Kc2 Bxb2 56. Kxb2 Rxg3 57. a4 f4 58. Kc2 Rg2+ 59. Kd1 Ra2 60. Ra7+ Kf6 61. Ra8 e3 62. Ke1 Kf5 63. a5 Kg4 64. Rg8 Kf3 0-1

[Event "January 2 Early 2024"]
[Site "https://www.chess.com"]
[Date "2024.01.02"]
[Round "3"]
[White "Boruchovsky, Avital"]
[Black "Kuzmin, Roman"]
[Result "0-1"]
[Board "45"]
[TimeControl "180+1"]
[WhiteFideId "2800055"]
[BlackFideId "44134932"]
[WhiteElo "2835"]
[BlackElo "2591"]
[WhiteTeam "ISR"]
[BlackTeam "RUS"]
[WhiteClock "0:00:35"]
[BlackClock "0:00:58"]

1. Nf3 Nf6 2. g3 e6 3. Bg2 d5 4. O-O Be7 5. d4 O-O 6. b3 a5 7. c4 a4 8. Bb2 Ne4 9. bxa4 Bd7 10. Nbd2 Bxa4 11. Qc1 Nd6 12. Ne5 c6 13. e4 dxe4 14. Nxe4 Nxe4 15. Bxe4 Nd7 16. Nd3 Bf6 17. Rb1 Qc7 18. Bc3 Rfd8 19. Qe3 Nb6 20. Rb4 Bc2 21. Nc5 Bxe4 22. Qxe4 Ra3 23. Qc2 Rxc3 24. Qxc3 Bxd4 25. Nxe6 Bxc3 26. Nxc7 Bxb4 27. Rb1 Bc5 0-1

[Event "January 2 Early 2024"]
[Site "https://www.chess.com"]
[Date "2024.01.02"]
[Round "3"]
[White "Moskalenko, Alexander"]
[Black "Teterev, Vitaly"]
[Result "0-1"]
[Board "46"]
[TimeControl "180+1"]
[WhiteFideId "4155351"]
[BlackFideId "13501429"]
[WhiteElo "2830"]
[BlackElo "2583"]
[WhiteTeam "RUS"]
[BlackTeam "BLR"]
[WhiteClock "0:00:04"]
[BlackClock "0:00:09"]

1. e4 c5 2. Nf3 d6 3. d4 cxd4 4. Nxd4 Nf6 5. Nc3 a6 6. Be2 e6 7. O-O Qc7 8. f4 Nbd7 9. Bf3 Be7 10. Be3 O-O 11. Qe1 Rb8 12. a4 b6 13. e5 dxe5 14. Nc6 Bd6 15. Nxb8 Qxb8 16. fxe5 Nxe5 17. Kh1 Nxf3 18. Rxf3 Bxh2 19. Rxf6 gxf6 20. Bh6 Bf4 21. Bxf8 Kxf8 22. Rd1 Bb7 23. Qh4 Qe5 24. Qxh7 Ke7 25. Qh8 Bd2 26. Qh3 Qg5 27. Rf1 Bf4 28. Ne2 Be5 29. c3 f5 30. Ng1 Qg4 31. Qxg4 fxg4 32. Ne2 f5 33. Nf4 Kf6 34. Kg1 Bc6 35. g3 Bxa4 36. Ra1 Bb5 37. Kf2 Bd6 38. b4 Bc6 39. Ke2 Bb5+ 40. Ke3 Be5 41. Ra3 Ke7 42. Ng6+ Kd6 43. Nxe5 Kxe5 44. Ra1 Kd5 45. Re1 e5 46. Rh1 a5 47. bxa5 bxa5 48. Rh5 Ke6 49. Rh6+ Kd5 50. Rh5 a4 51. Rxf5 a3 52. Rf8 Kc4 53. Ra8 Kb3 54. Ke4 a2 55. Kxe5 Ba4 56. Rb8+ Kc2 57. Kf4 a1=Q 58. Kxg4 Qd1+ 59. Kg5 Qd3 60. Rf8 Qd2+ 61. Rf4 Kxc3 62. g4 Bc2 63. Kh4 Qxf4 0-1

[Event "January 2 Early 2024"]
[Site "https://www.chess.com"]
[Date "2024.01.02"]
[Round "3"]
[White "Manukyan, Sargis V."]
[Black "Gokerkan, Cem Kaan"]
[Result "0-1"]
[Board "47"]
[TimeControl "180+1"]
[WhiteFideId "13303465"]
[BlackFideId "6336760"]
[WhiteElo "2562"]
[BlackElo "2830"]
[WhiteTeam "ARM"]
[BlackTeam "TUR"]
[WhiteClock "0:00:07"]
[BlackClock "0:01:05"]

1. d4 Nf6 2. c4 g6 3. Nc3 Bg7 4. Nf3 O-O 5. e4 d6 6. Be2 e5 7. O-O exd4 8. Nxd4 Re8 9. f3 Nc6 10. Be3 Nh5 11. Qd2 Nf4 12. Nxc6 Nxe2+ 13. Nxe2 bxc6 14. Bd4 f5 15. Bxg7 Kxg7 16. exf5 Bxf5 17. Nd4 Bd7 18. Rfe1 Qf6 19. Rad1 c5 20. Ne2 a5 21. Nf4 Bc6 22. b3 a4 23. Nd5 Bxd5 24. Qxd5 axb3 25. axb3 Qc3 26. Rxe8 Rxe8 27. Qd3 Re3 28. Qxc3+ Rxc3 29. Rb1 Kf6 30. Kf2 Ke5 31. Kg3 c6 32. h4 d5 33. cxd5 cxd5 34. b4 c4 35. b5 Rb3 36. Re1+ Kd6 0-1

[Event "January 2 Early 2024"]
[Site "https://www.chess.com"]
[Date "2024.01.02"]
[Round "3"]
[White "Zimmermann, Ulrich"]
[Black "Van Foreest, Lucas"]
[Result "0-1"]
[Board "48"]
[TimeControl "180+1"]
[WhiteFideId "24654523"]
[BlackFideId "1039792"]
[WhiteElo "2444"]
[BlackElo "2825"]
[WhiteTeam "GER"]
[BlackTeam "NED"]
[WhiteClock "0:02:14"]
[BlackClock "0:02:43"]

1. c4 g5 2. g3 Bg7 3. Bg2 d6 4. d3 h6 5. Nc3 c6 6. e4 e5 7. Be3 Nd7 8. Qd2 Nc5 9. h4 g4 10. f3 Nf6 11. Nge2 gxf3 12. Bxf3 Ng4 13. h5 Nxe3 14. Qxe3 Bf6 15. Rd1 Bg5 16. Qf2 O-O 17. Bg4 Bxg4 0-1

[Event "January 2 Early 2024"]
[Site "https://www.chess.com"]
[Date "2024.01.02"]
[Round "3"]
[White "Klukin, Kirill"]
[Black "Legenia, Artem"]
[Result "1-0"]
[Board "49"]
[TimeControl "180+1"]
[WhiteFideId "24199273"]
[BlackFideId "14136945"]
[WhiteElo "2820"]
[BlackElo "2376"]
[WhiteTeam "RUS"]
[BlackTeam "UKR"]
[WhiteClock "0:00:09"]
[BlackClock "0:00:00"]

1. d4 d5 2. c4 e6 3. Nc3 c6 4. Nf3 Nf6 5. e3 Be7 6. Qc2 Nbd7 7. Bd3 O-O 8. O-O b6 9. b3 dxc4 10. bxc4 c5 11. d5 exd5 12. cxd5 Bb7 13. e4 Re8 14. Bb2 Bd6 15. Rad1 a6 16. a4 Qc7 17. h3 h6 18. Nd2 Bh2+ 19. Kh1 Bf4 20. Nc4 Ne5 21. Nxe5 Bxe5 22. Rfe1 c4 23. Bf1 Rad8 24. g3 Bd6 25. Bg2 Nd7 26. f4 Nc5 27. e5 Bf8 28. d6 Qb8 29. Nd5 Nd3 30. Rxd3 cxd3 31. Qxd3 Qa8 32. Rd1 Bxd6 33. exd6 Rxd6 34. Nf6+ 1-0

[Event "January 2 Early 2024"]
[Site "https://www.chess.com"]
[Date "2024.01.02"]
[Round "3"]
[White "Gabrielian, Artur"]
[Black "knightmareprodigy"]
[Result "1/2-1/2"]
[Board "50"]
[TimeControl "180+1"]
[WhiteFideId "4131002"]
[WhiteElo "2812"]
[BlackElo "2306"]
[WhiteTeam "RUS"]
[WhiteClock "0:00:39"]
[BlackClock "0:00:38"]

1. e4 e5 2. Nf3 Nc6 3. Bb5 a6 4. Bxc6 dxc6 5. Nc3 f6 6. d4 exd4 7. Qxd4 Qxd4 8. Nxd4 c5 9. Nde2 Be6 10. Bf4 O-O-O 11. f3 h5 12. h4 Bd6 13. O-O-O Ne7 14. Bxd6 Rxd6 15. Nf4 Bf7 16. Rxd6 cxd6 17. Rd1 Kc7 18. Ncd5+ Nxd5 19. Nxd5+ Bxd5 20. Rxd5 g6 21. Kd2 Re8 22. Kd3 Re5 23. c4 Kc6 24. f4 Rxd5+ 25. exd5+ Kd7 26. f5 g5 27. a3 g4 28. Kc3 Kc7 29. Kb3 b6 30. Ka4 Kb7 31. b4 Ka7 32. g3 Kb7 33. Kb3 Ka7 34. Kc3 Kb7 35. a4 Ka7 1/2-1/2

[Event "January 2 Early 2024"]
[Site "https://www.chess.com"]
[Date "2024.01.02"]
[Round "3"]
[White "Bartel, Mateusz"]
[Black "Rose, Felix"]
[Result "1/2-1/2"]
[Board "51"]
[TimeControl "180+1"]
[WhiteFideId "1112635"]
[BlackFideId "5105722"]
[WhiteElo "2812"]
[BlackElo "2201"]
[WhiteTeam "POL"]
[BlackTeam "MEX"]
[WhiteClock "0:00:05"]
[BlackClock "0:00:07"]

1. Nf3 d5 2. c4 e6 3. e3 Nf6 4. b3 Be7 5. Bb2 O-O 6. Nc3 b6 7. cxd5 Nxd5 8. Nxd5 Qxd5 9. Qc2 Ba6 10. Bc4 Qd8 11. O-O c5 12. Bxa6 Nxa6 13. d4 Bf6 14. Rfd1 cxd4 15. Bxd4 Bxd4 16. Rxd4 Qf6 17. Rad1 Rac8 18. Qe2 Nc5 19. h3 h6 20. Qb5 e5 21. Rd6 Qf5 22. b4 Ne4 23. Rd7 Nc3 24. Qxe5 Qxe5 25. Nxe5 Nxd1 26. Rxd1 Rfd8 27. Rxd8+ Rxd8 28. Nc6 Rd2 29. Nxa7 Rxa2 30. Nc8 Rb2 31. Nxb6 Rxb4 32. Nd5 Rb5 33. Nf4 g6 34. g3 Kg7 35. Kg2 h5 36. h4 Rb2 37. Nd3 Ra2 38. Ne5 Ra5 39. Nd3 Ra3 40. Nf4 f6 41. Ne6+ Kf7 42. Nf4 Ra5 43. Kf3 Kg7 44. Kg2 Kh6 45. Ne2 g5 46. Nd4 Kg6 47. Kf3 Ra8 48. Kg2 Re8 49. Ne2 Kf5 50. Kf3 g4+ 51. Kg2 Ra8 52. Nf4 Rh8 53. Kf1 Ke4 54. Ke2 Rh7 55. Kf1 Kf3 56. Ne2 Ra7 57. Nd4+ Ke4 58. Kg2 Ra2 59. Ne6 Ra5 60. Nf4 Rf5 61. Ne2 Ra5 62. Nf4 Rf5 63. Ne2 Ra5 64. Nf4 1/2-1/2

[Event "January 2 Early 2024"]
[Site "https://www.chess.com"]
[Date "2024.01.02"]
[Round "3"]
[White "Travadon, Loic"]
[Black "Fedoseev, Vladimir"]
[Result "0-1"]
[Board "52"]
[TimeControl "180+1"]
[WhiteFideId "26092131"]
[BlackFideId "24130737"]
[WhiteElo "2256"]
[BlackElo "3030"]
[WhiteTeam "FRA"]
[BlackTeam "SLO"]
[WhiteClock "0:01:35"]
[BlackClock "0:01:28"]

1. e4 Nc6 2. Nc3 Nd4 3. f4 c5 4. Nf3 d6 5. Bc4 e6 6. d3 Ne7 7. O-O d5 8. Bb3 Nxb3 9. axb3 Nc6 10. f5 dxe4 11. Nxe4 exf5 12. Neg5 Be7 13. Bd2 O-O 14. h4 h6 15. Nh3 Bf6 16. Bc3 Nd4 17. g3 Re8 18. Nxd4 Bxd4+ 19. Bxd4 Qxd4+ 20. Kh2 Bd7 21. Qf3 Qxb2 22. Rac1 Rab8 23. g4 Qe5+ 24. Kg1 Qd4+ 25. Kh2 Re3 0-1

[Event "January 2 Early 2024"]
[Site "https://www.chess.com"]
[Date "2024.01.02"]
[Round "3"]
[White "Meier, Georg"]
[Black "Skliarov, Viktor"]
[Result "1-0"]
[Board "53"]
[TimeControl "180+1"]
[WhiteFideId "4675789"]
[BlackFideId "14106736"]
[WhiteElo "3013"]
[BlackElo "2663"]
[WhiteTeam "URU"]
[BlackTeam "UKR"]
[WhiteClock "0:02:27"]
[BlackClock "0:00:53"]

1. Nf3 g6 2. d4 Bg7 3. g3 Nf6 4. Bg2 O-O 5. O-O c6 6. c4 d5 7. cxd5 cxd5 8. Nc3 Nc6 9. Ne5 Nd7 10. Nxd5 Ndxe5 11. dxe5 Nxe5 12. Bg5 f6 13. Be3 Be6 14. Rc1 Nc6 15. b4 a6 16. Bb6 Qd7 17. Nc7 Rad8 18. Nxe6 Qxe6 19. Bxd8 Rxd8 20. Rxc6 1-0

[Event "January 2 Early 2024"]
[Site "https://www.chess.com"]
[Date "2024.01.02"]
[Round "3"]
[White "Bluebaum, Matthias"]
[Black "Hansen, Sune Berg"]
[Result "1-0"]
[Board "54"]
[TimeControl "180+1"]
[WhiteFideId "24651516"]
[BlackFideId "1400266"]
[WhiteElo "3005"]
[BlackElo "2654"]
[WhiteTeam "GER"]
[BlackTeam "DEN"]
[WhiteClock "0:00:46"]
[BlackClock "0:00:17"]

1. d4 d5 2. c4 e6 3. Nc3 Nf6 4. cxd5 exd5 5. Bg5 c6 6. e3 Bf5 7. Nge2 h6 8. Bf4 Nbd7 9. Ng3 Bh7 10. h4 Nb6 11. Bd3 Bxd3 12. Qxd3 h5 13. Bg5 Be7 14. Nf5 g6 15. Nxe7 Qxe7 16. O-O-O Qe6 17. f3 O-O-O 18. e4 Rd7 19. Rhe1 dxe4 20. fxe4 Ng4 21. d5 Qe5 22. Qf3 Re8 23. dxc6 bxc6 24. Rxd7 Nxd7 25. Qxf7 Qe6 26. Rf1 Nge5 27. Qxe6 Rxe6 28. Kc2 Kb7 29. b3 Re8 30. Be3 Ng4 31. Bd4 Nde5 32. Na4 a5 33. Nc5+ Kc7 34. Nd3 Nd7 35. Rf7 Kc8 36. Kc3 Rxe4 37. Rxd7 1-0

[Event "January 2 Early 2024"]
[Site "https://www.chess.com"]
[Date "2024.01.02"]
[Round "3"]
[White "Zavgorodniy, Sergiy"]
[Black "Kramnik, Vladimir"]
[Result "0-1"]
[Board "55"]
[TimeControl "180+1"]
[WhiteFideId "14110148"]
[BlackFideId "4101588"]
[WhiteElo "2632"]
[BlackElo "2980"]
[WhiteTeam "UKR"]
[BlackTeam "RUS"]
[WhiteClock "0:00:01"]
[BlackClock "0:00:03"]

1. e4 c5 2. Nf3 e6 3. d3 Nc6 4. g3 Nf6 5. Bg2 d6 6. O-O Be7 7. c3 O-O 8. Re1 e5 9. d4 exd4 10. cxd4 Bg4 11. h3 Bxf3 12. Bxf3 Nxd4 13. Bg2 Re8 14. Nc3 Nd7 15. Be3 Bf6 16. Nd5 Nb6 17. Nxf6+ Qxf6 18. b3 Nd7 19. f4 Rad8 20. Kh2 Nb8 21. b4 Nbc6 22. Rb1 b5 23. a4 a6 24. axb5 Nxb5 25. bxc5 Nc3 26. Qc1 Nxb1 27. cxd6 Qxd6 28. Qxb1 Qb4 29. Qa1 Nd4 30. Rb1 Qc4 31. Rc1 Qd3 32. Rc3 Qe2 33. Kh1 Nf3 34. Rc1 Qxe3 0-1